 Seeded DCSS version 0.30.0 (webtiles) character file.

Game seed: 7229806256980976716 (custom seed)

2062 bananamous the Basher (level 9, -9/79 HPs)
             Began as a Purple Draconian Berserker on July 11, 2023.
             Was a Priest of Trog.
             Killed from afar by an electric eel (12 damage)
             ... with a bolt of electricity
             ... on level 6 of the Dungeon.
             The game lasted 00:13:27 (4761 turns).

bananamous the Basher (Purple Draconian Berserker)  Turns: 4761, Time: 00:13:28

Health: -9/79      AC: 12    Str: 24    XL:     9   Next: 5%
Magic:  9/9        EV: 19    Int:  8    God:    Trog [***...]
Gold:   291        SH:  0    Dex: 16    Spells: 8/8 levels left

rFire   + . .        n - +1 morningstar (holy)
rCold   . . .        (no shield)
rNeg    . . .        (body armour unavailable)
rPois   +            (helmet restricted)
rElec   .            j - +1 cloak of Starlight {*Dazzle EV+4 Stlth--}
rCorr   .            k - +2 pair of gloves of Ru's Esteem {rF+}
SInv    +            (no boots)
Will    .....        (no amulet) Stlth
                     l - ring of Equivalence {rPois Dex+6 SInv}
HPRegen 0.33/turn    (no ring)
MPRegen 0.11/turn

%: no passive effects
@: weak-willed, on berserk cooldown, slowed, very slow
A: breathe power, AC +7, unfitting armour, cold-blooded
a: Breathe Dispelling Energy, Renounce Religion, Berserk, Trog's Hand


You were on level 6 of the Dungeon.
You worshipped Trog.
Trog was most pleased with you.
You visited 1 branch of the dungeon, and saw 6 of its levels.
You also visited: Ossuary.

You collected 291 gold pieces.

Inventory:

Hand Weapons
 a - a +0 mace
 n - a +1 morningstar of holy wrath (weapon)
Missiles
 b - a throwing net (quivered)
Armour
 j - the +1 cloak of Starlight (worn) {*Dazzle EV+4 Stlth--}
   (You acquired it on level 1 of the Dungeon)

   *Dazzle:   It may blind those who miss an attack against the wearer in melee
   combat.
   EV:        It affects your evasion (+4).
   Stlth:     It makes you much less stealthy.
 k - the +2 pair of gloves of Ru's Esteem (worn) {rF+}
   (You acquired it on level 1 of the Dungeon)

   rF:        It protects you from fire.
Jewellery
 l - the ring of Equivalence (left hand) {rPois Dex+6 SInv}
   (You acquired it on level 1 of the Dungeon)

   [ring of dexterity]

   Dex:       It affects your dexterity (+6).
   rPois:     It protects you from poison.
   SInv:      It lets you see invisible.
Scrolls
 c - 3 scrolls of amnesia {unknown}
 d - 2 scrolls of blinking {unknown}
 f - 8 scrolls of identify {unknown}
 g - 2 scrolls of enchant armour {unknown}
 i - a scroll of teleportation {unknown}
 q - 2 scrolls of poison {unknown}
 s - a scroll of butterflies {unknown}
 u - a scroll of fog {unknown}
 v - 3 scrolls of vulnerability
 w - 2 scrolls of silence {unknown}
 y - 3 scrolls of magic mapping {unknown}
 C - 2 scrolls of brand weapon {unknown}
 F - 2 scrolls of torment {unknown}
 H - a scroll of immolation {unknown}
 I - a scroll of enchant weapon {unknown}
Potions
 e - 2 potions of mutation {unknown}
 h - 3 potions of might {unknown}
 m - 2 potions of brilliance {unknown}
 o - a potion of invisibility {unknown}
 p - 6 potions of curing {unknown}
 r - a potion of ambrosia {unknown}
 t - 4 potions of attraction {unknown}
 x - a potion of berserk rage {unknown}
 z - a potion of degeneration {unknown}
 A - 2 potions of flight {unknown}
 B - 2 potions of cancellation {unknown}
 D - 3 potions of lignification {unknown}
 E - a potion of heal wounds {unknown}
 G - a potion of haste {unknown}


   Skills:
 + Level 7.3 Fighting
 * Level 9.0 Maces & Flails
 + Level 6.0 Dodging


You had 8 spell levels left.
You didn't know any spells.
Your spell library was empty.

Dungeon Overview and Level Annotations

Branches:
Dungeon (6/15)             Temple (0/1) D:4         Ossuary (visited)

Altars:
Elyvilon
Qazlal
Zin
The Shining One

Shops:
D:6 :


Innate Abilities, Weirdness & Mutations

You can breathe bolts of dispelling energy.
Your rich purple scales are hard. (AC +7)
You cannot fit into any form of body armour.
You are cold-blooded and may be slowed by cold attacks.


Message History

You kill the electric eel!
Trog accepts your kill.
You hear a splash.
Your Maces & Flails skill increases to level 9!
The electric eel shoots out a bolt of lightning at you!
The bolt of electricity hits you!
The bolt of electricity hits the plant.
The plant begins to die.
You feel a strong urge to attack something.
You feel your anger nearly subside.
You are no longer berserk.
You are exhausted.
You feel yourself slow down.
The electric eel shoots out a bolt of lightning at you!
The bolt of electricity misses you.
The bolt of electricity hits the plant!
The plant begins to die.
The electric eel shoots out a bolt of lightning at you!
The bolt of electricity hits you.
As you read the scroll labelled LIUSUMI EGYUN, it crumbles to dust.
Magic quickly surges around you.
It was a scroll of vulnerability.
The electric eel shoots out a bolt of lightning at you!
The bolt of electricity hits you!
The electric eel shoots out a bolt of lightning at you!
The bolt of electricity hits you!
* * * LOW HITPOINT WARNING * * *
The electric eel shoots out a bolt of lightning at you!
The bolt of electricity hits you!
* * * LOW HITPOINT WARNING * * *
The bolt of electricity hits the plant!
The electric eel shoots out a bolt of lightning at you!
The bolt of electricity hits you.
* * * LOW HITPOINT WARNING * * *
The bolt of electricity hits the plant!
Your ogre goes berserk!
You can no longer call in reinforcements.
A nearby plant withers and dies.
The electric eel shoots out a bolt of lightning at you!
The bolt of electricity hits you.
* * * LOW HITPOINT WARNING * * *
The electric eel shoots out a bolt of lightning at you!
The bolt of electricity hits you!
You die...

##########.#♣♣P.~~♣....
.###...###..~~~.~~~~#..
.##.....##.♣♣~≈.~~~♣♣ .
.#...)...#$♣♣P~.≈P~♣
.'.......#.~♣~~.†~~♣♣
.#.......# ♣♣~.~P~P♣♣♣~
.##.....## ♣P.~O~~~≈~~
.###...## #.#~.~~~~≈~≈~
.# ##### #....@.......
.###...##.......SS~~~~~~
.##.....##....♣~~~≈P~≈≈~
.#.......#.#..~~~~~≈≈≈S~
.'....(..#)#..#~~~~≈≈~≈~
.#.......#......P~~~≈≈~P
.##.....##.#..#..~~~PP≈♣
.###...##<........♣~~~~♣
.# ######..#...#...S~♣


You could see 3 electric eels and a friendly ogre (summoned, berserk).

Vanquished Creatures
  An orc warrior (D:6)
  A sky beast (D:6)
  2 hornet zombies (Ossuary)
  A bullfrog (D:6)
  3 wyvern zombies
  3 scorpions
  2 water moccasin zombies (Ossuary)
  The ghost of geeeeen the Thrower, a weakling GnWn (D:3)
  A howler monkey (D:6)
  2 electric eels (D:6)
  3 bullfrog zombies (Ossuary)
  2 centaur zombies (Ossuary)
  2 jellies
  3 orc priests
  A hound (D:6)
  2 bullfrog skeletons (D:3)
  A sleepcap (D:4)
  An orc wizard (D:6)
  3 killer bee zombies (Ossuary)
  16 mummies
  2 howler monkey zombies (Ossuary)
  A howler monkey skeleton (D:3)
  8 adders
  A shadow imp (D:5)
  An ufetubus (D:3)
  3 worms
  10 orcs
  5 bats
  4 endoplasms
  6 giant cockroaches
  4 goblins
  8 hobgoblins
  20 jackals
  A kobold (D:4)
  4 quokkas
  6 ball pythons
  A frilled lizard (D:1)
  A goblin zombie (D:4)
  An orc zombie (D:4)
  4 rats
142 creatures vanquished.

Vanquished Creatures (others)
  5 plants (D:6)
  9 withered plants (Ossuary)
14 creatures vanquished.

Grand Total: 156 creatures vanquished

Notes
Turn   | Place    | Note
-------+----------+-------------------------------------------
     0 | D:1      | bananamous the Draconian Berserker began the quest for the
                  | Orb.
     0 | D:1      | Reached XP level 1. HP: 19/19 MP: 1/1
   318 | D:1      | Reached XP level 2. HP: 23/26 MP: 2/2
   613 | D:1      | Identified 3 scrolls of acquirement
   613 | D:1      | Acquired the ring of Equivalence {rPois Dex+6 SInv}
   614 | D:1      | Acquired the +1 cloak of Starlight {*Dazzle EV+4 Stlth--}
   614 | D:1      | Found the +1 cloak of Starlight {*Dazzle EV+4 Stlth--}
   615 | D:1      | Acquired the +2 pair of gloves of Ru's Esteem {rF+}
   745 | D:2      | Reached XP level 3. HP: 26/31 MP: 3/3
   751 | D:2      | Reached ** piety under Trog
   952 | D:2      | Reached skill level 4 in Maces & Flails
   952 | D:2      | Reached XP level 4. HP: 27/40 MP: 4/4
  1566 | D:3      | Found a runed translucent gate.
  1566 | D:3      | Found a runed translucent gate.
  1566 | D:3      | Found a runed translucent gate.
  1575 | D:3      | Reached XP level 5. HP: 46/46 MP: 5/5
  1578 | D:3      | Noticed geeeeen's ghost (weakling GnWn)
  1635 | D:3      | Found a glowing silver altar of Zin.
  1718 | D:3      | Reached *** piety under Trog
  1965 | D:3      | Reached skill level 5 in Maces & Flails
  1965 | D:3      | Killed geeeeen's ghost
  1967 | D:3      | Reached XP level 6. HP: 52/53 MP: 6/6
  2113 | D:4      | Reached skill level 5 in Fighting
  2119 | D:4      | Found a sand-covered staircase.
  2126 | Ossuary  | Entered an ossuary
  2238 | Ossuary  | Reached skill level 6 in Maces & Flails
  2238 | Ossuary  | Your scales start taking on a rich purple colour.
  2238 | Ossuary  | Reached XP level 7. HP: 45/61 MP: 7/7
  2446 | Ossuary  | Reached skill level 7 in Maces & Flails
  2519 | Ossuary  | Reached skill level 5 in Dodging
  2519 | Ossuary  | Reached XP level 8. HP: 70/70 MP: 8/8
  2748 | D:4      | Found a staircase to the Ecumenical Temple.
  2787 | D:4      | Found a white marble altar of Elyvilon.
  2882 | D:4      | Reached **** piety under Trog
  2963 | D:4      | Found a glowing golden altar of the Shining One.
  3218 | D:4      | Found a stormy altar of Qazlal.
  3351 | D:5      | Entered Level 5 of the Dungeon
  3445 | D:5      | Reached skill level 8 in Maces & Flails
  4439 | D:6      | Reached XP level 9. HP: 73/79 MP: 9/9
  4738 | D:6      | Found Xixtot's Book Boutique.
  4756 | D:6      | Reached skill level 9 in Maces & Flails
  4761 | D:6      | HP: 3/79 [electric eel/bolt of electricity (4)]
  4761 | D:6      | Killed from afar by an electric eel

Illustrated notes

Levels and vault maps discovered:
D:1:      spicycebolla_arrival_ecumenical, layout_loops_ring
D:2:      layout_basic
D:3:      layout_rooms, mainiacjoe_overflow_paths, gammafunk_ghost_necromancy
D:4:      layout_rooms, tso_metal_star, mainiacjoe_overflow_catwalk,
          elyvilon_altar_5, minmay_temple_entry_stoned_glass,
          nicolae_ossuary_entry_giza, minmay_misc_feat_square, minivault_4
D:5:      layout_basic
D:6:      kennysheep_six_static_rooms, layout_basic, serial_shops,
          nicolae_shop_stone, serial_bayou_lagoon_b

Skill      XL: |  1  2  3  4  5  6  7  8  9 |
---------------+----------------------------+-----
Dodging        | 3 4 5 6 |  6.0
Fighting       | 4 5 6 7 |  7.3
Maces & Flails | 4 5 6 7 8 9 |  9.0

Action                     |  1- 3 |  4- 6 |  7- 9 || total
---------------------------+-------+-------+-------++-------
  Melee: Mace              |    91 |       |       ||    91
         Tailslap          |     9 |    11 |    33 ||    53
         Morningstar       |     2 |    93 |   230 ||   325
         Punch             |       |       |     1 ||     1
 Invoke: Berserk           |       |     1 |     3 ||     4
         Trog's Hand       |       |       |     2 ||     2
         Brothers in Arms  |       |       |     1 ||     1
    Use: Scroll            |     3 |       |     1 ||     4
   Stab: Invisible         |     3 |     2 |     6 ||    11
 Armour: Skin              |    42 |    24 |    66 ||   132
  Dodge: Dodged            |   103 |    98 |   214 ||   415
